 Dungeon Crawl Stone Soup version 0.28-a0-465-ge2dae52223 (webtiles) character file.

Game seed: 13382968240832550447

18 bande the Skirmisher (level 2, -5/16 (27) HPs)
             Began as a Hill Orc Fighter on Sept 15, 2021.
             Killed from afar by an orc wizard (7 damage)
             ... with a puff of flame
             ... on level 2 of the Dungeon.
             The game lasted 00:01:09 (954 turns).

bande the Skirmisher (Hill Orc Fighter)              Turns: 954, Time: 00:01:10

HP:   -5/16 (27)    AC:  6    Str: 18    XL:     2   Next: 66%
MP:   2/2           EV:  9    Int:  8    God:
Gold: 22            SH:  4    Dex: 10    Spells: 1/1 levels left

rFire   . . .      SeeInvis .   a - +0 war axe
rCold   . . .      Faith    .   c - +0 buckler
rNeg    . . .      Spirit   .   b - +0 scale mail
rPois   .          Reflect  .   (no helmet)
rElec   .          Harm     .   (no cloak)
rCorr   .          Rampage  .   (no gloves)
Will    .....                   (no boots)
Stlth   ..........              (no amulet)
HPRegen 0.05/turn               (no ring)
MPRegen 0.08/turn               (no ring)

@: very heavily drained
A: no striking features
a: no special abilities


You were on level 2 of the Dungeon.
You visited 1 branch of the dungeon, and saw 2 of its levels.

You collected 22 gold pieces.

Inventory:

Hand Weapons
 a - a +0 war axe (weapon)
 f - a +0 morningstar
Armour
 b - a +0 scale mail (worn)
 c - a +0 buckler (worn)
Scrolls
 i - a scroll of immolation {unknown}
Potions
 d - a potion of might
 e - a potion of brilliance {unknown}
 g - a potion of lignification {unknown}
 h - 2 potions of heal wounds {unknown}


   Skills:
 + Level 3.9 Fighting
 + Level 3.0 Axes
 + Level 3.6 Armour
 + Level 3.6 Shields


You had one spell level left.
You didn't know any spells.
Your spell library was empty.

Dungeon Overview and Level Annotations

Branches:
Dungeon (2/15)

Altars:


Message History

Something hits you but does no damage.
You feel drained.
The endoplasm hits you but does no damage.
Unknown command.
You hit something but do no damage. You slash the endoplasm!
You kill the endoplasm!
Something hits you.
You feel drained. Something hits you.
You feel drained.
Your Axes skill increases to level 3!
Unknown command.
You barely miss something.
You hear some strange, mumbled words.
Something tries to affect you, but you resist.
You barely miss something.
You hear some strange, mumbled words.
You are confused.
Something hits you.
You feel drained.
Unknown command.
You bump into the rock wall.
Something hits you.
You feel drained.
You miss something. Something hits you but does no damage.
You feel drained.
You completely miss something. Something hits you but does no damage.
You feel drained.
Unknown command.
You barely miss something. Something hits you.
* * * LOW HITPOINT WARNING * * *
You feel drained.
* * * LOW HITPOINT WARNING * * *
You hear some strange, mumbled words.
A magic dart appears from out of thin air!
The magic dart hits you.
* * * LOW HITPOINT WARNING * * *
You bump into the rock wall.
Something hits you but does no damage.
You feel drained.
You feel less confused. You block something's attack.
Things that are here:
a +0 club; an orc corpse You hit something but do no damage.
You hear some strange, mumbled words.
A puff of flame appears from out of thin air!
The puff of flame hits you!
You die...

#.# ..........# #.#
.........## #.# ........
#.#######.#
...>...##.#.......#
.............###.#
#..##.##.#.#.# #.. # #. #†{#
## #.#.# #.# ##
##.#.####@.##.####.#.###.#
... .............)..........#
#.##.#.#####.##.####.#.###.#
..........#.##.............
.....................#####
#####.#.###.#.#######.#######
.............................
###.#.#.#####)#######.#######
........†.)..................


There were no monsters in sight!

Vanquished Creatures
  2 orcs (D:2)
  A bat (D:2)
  3 endoplasms
  3 goblins
  A hobgoblin (D:1)
  A quokka (D:1)
  A frilled lizard (D:2)
  A kobold (D:1)
13 creatures vanquished.

Notes
Turn   | Place    | Note
-------+----------+-------------------------------------------
     0 | D:1      | bande the Hill Orc Fighter began the quest for the Orb.
     0 | D:1      | Reached XP level 1. HP: 19/19 MP: 1/1
   495 | D:1      | Found a faded altar of an unknown god.
   839 | D:2      | Reached XP level 2. HP: 27/27 MP: 2/2
   954 | D:2      | Killed from afar by an orc wizard

Illustrated notes

Levels and vault maps discovered:
D:1:      dpeg_arrival_line_fractal, layout_loops_ring, basic_ecumenical_altar,
          lemuel_flame_loot_1
D:2:      layout_basic, serial_shops, nicolae_shop_stone, uniq_robin

Skill      XL: |  1  2 |
---------------+-------+-----
Axes           | 3 |  3.0
Fighting       | |  3.9
Armour         | |  3.6
Shields        | |  3.6

Action                   || total
-------------------------++-------
Melee: War axe           ||    39
Armor: Scale mail        ||    15
Dodge: Dodged            ||    14
Block: Buckler           ||     8

Table legend: (Time is in decaauts)
 A = Elapsed time spent in this place.
 B = Non-inter-level travel time spent in this place.
 C = Inter-level travel time spent in this place.
 D = Time resting spent in this place.
 E = Time spent auto-exploring this place.
 F = Levels seen in this place.
 G = Mean time per level.
                   A        B        C        D        E       F      G
               +--------+--------+--------+--------+--------+-----+--------+
         Total |    967 |    967 |      0 |      0 |    826 |   2 |  483.5 |
       Dungeon |    967 |    967 |      0 |      0 |    826 |   2 |  483.5 |
               +--------+--------+--------+--------+--------+-----+--------+

Top non-repeatable levels by time:
     D:1: 783 daAuts
     D:2: 184 daAuts
